 Dungeon Crawl Stone Soup version 0.22-a0-292-g0df9d5f (webtiles) character file.

4 Amnesiac the Vexing (level 1, 0/10 HPs)
             Began as a Deep Elf Enchanter on Mar 23, 2018.
             Slain by a jackal (2 damage)
             ... on level 1 of the Dungeon.
             The game lasted 00:00:33 (127 turns).

Amnesiac the Vexing (Deep Elf Enchanter)             Turns: 127, Time: 00:00:33

Health: 0/10       AC:  2    Str:  5    XL:     1   Next: 50%
Magic:  5/6        EV: 13    Int: 19    God:
Gold:   8          SH:  0    Dex: 15    Spells: 5/6 levels left

rFire    . . .     SeeInvis .   a - +1 dagger
rCold    . . .     Gourm    .   (no shield)
rNeg     . . .     Faith    .   b - +0 robe
rPois    .         Spirit   .   (no helmet)
rElec    .         Reflect  .   (no cloak)
rCorr    .         Harm     .   (no gloves)
MR       .....                  (no boots)
Stlth    +++.......             (no amulet)
HPRegen  0.03/turn              (no ring)
MPRegen  0.10/turn              (no ring)

@: no status effects
A: no striking features
a: no special abilities


You were on level 1 of the Dungeon.
You were not hungry.

You visited 1 branch of the dungeon, and saw 1 of its levels.

You collected 8 gold pieces.

Inventory:

Hand Weapons
 a - a +1 dagger (weapon)
Armour
 b - a +0 robe (worn)
Scrolls
 c - a scroll of remove curse {!r, unknown}
Potions
 e - 2 potions of heal wounds {!q, unknown}
Comestibles
 d - a ration
 f - 3 chunks of flesh


   Skills:
 * Level 1.4 Short Blades
 - Level 2.4 Dodging
 + Level 3.7 Stealth
 - Level 3.0 Spellcasting
 - Level 4.0 Hexes


You had 5 spell levels left.
You knew the following spells:

 Your Spells              Type           Power        Failure   Level  Hunger
a - Corona                Hex            ###....      3%          1    None


Dungeon Overview and Level Annotations

Branches:
Dungeon (1/15)

Altars:


Message History

A kobold comes into view. It is wielding a club.
A kobold is nearby!
A kobold is nearby!
You see here a bat skeleton.
Found 31 gold pieces.
A jackal comes into view.
Found a fuming coppery potion.
A jackal comes into view.
A ball python comes into view.
The ball python hisses angrily.
Found a purple potion.
Casting: Corona (safe; 3% risk of failure)
Confirm with . or Enter, or press ? or * to list all spells.
Aiming: Corona (safe; 3% risk of failure)
Press: ? - help, Shift-Dir - straight line, f - ball python
Aim: a ball python (chance to defeat MR: 73%)
The ball python is outlined in light.
The ball python bites you but does no damage.
The ball python completely misses you.
Unknown command.
You hit the ball python but do no damage.
The ball python bites you. The ball python barely misses you.
You barely miss the ball python. The ball python misses you.
The ball python barely misses you.
You hit the ball python.
You kill the ball python!
You see here a ball python corpse.
You butcher the ball python corpse.
f - 3 chunks of flesh (gained 1)
You see here a ball python skeleton.
A jackal is nearby!
The jackal barks!
Casting: Corona (safe; 3% risk of failure)
Confirm with . or Enter, or press ? or * to list all spells.
Aiming: Corona (safe; 3% risk of failure)
Press: ? - help, Shift-Dir - straight line, f - jackal
Aim: a jackal (chance to defeat MR: 73%)
The jackal is outlined in light.
The jackal bites you but does no damage.
You hit the jackal.
The jackal is lightly wounded.
The jackal bites you. x2
* * * LOW HITPOINT WARNING * * *
You barely miss the jackal.
The jackal is lightly wounded.
The jackal closely misses you.
You hit the jackal but do no damage.
The jackal is lightly wounded.
The jackal barely misses you.
You hit the jackal but do no damage.
The jackal is lightly wounded.
The jackal closely misses you.
You barely miss the jackal.
The jackal is lightly wounded.
The jackal bites you.
* * * LOW HITPOINT WARNING * * *
The jackal barely misses you.
You hit the jackal but do no damage.
The jackal is lightly wounded.
The jackal bites you but does no damage.
You hit the jackal but do no damage.
The jackal is lightly wounded.
The jackal bites you.
You die...

#..........# #..........#
#..........# ########
#..........# #......#
#.....รท....# #.....)#
#..........# #......#
#!.........###......#
.............##.h....######
..............+.@.........>
##..........#.#......#.###
..###########........# #
.h############.......#.#
.............#.###.....#
.................#.#####
h.............#..#.#...#
....##...##.###..#.....#
... +...........#.#.###


You could see a jackal.

Vanquished Creatures
  A giant cockroach (D:1)
  A ball python (D:1)
  2 bats (D:1)
4 creatures vanquished.

Notes
Turn   | Place    | Note
-------+----------+-------------------------------------------
     0 | D:1      | Amnesiac the Deep Elf Enchanter began the quest for the Orb.
     0 | D:1      | Reached XP level 1. HP: 10/10 MP: 6/6
   127 | D:1      | Slain by a jackal

Vault maps used:
D:1:      lightli_arrival_noodles, lexackson_kobold_supper

Action                   || total
-------------------------++-------
Melee: Dagger            ||    15
 Cast: Corona            ||     4
 Stab: Sleeping          ||     2
Armor: Robe              ||     4
Dodge: Dodged            ||    16

Table legend:
 A = Spawn XP
 B = Non-spawn XP
 C = Spawn XP percentage of total XP
 D = Spawn monster count
 E = Non-spawn monster count
 F = Spawn count percentage of total count
 G = Total turns spent on level
                    A         B        C        D         E        F      G
               +---------+---------+-------+---------+---------+-------+---------
         Total |       0 |       6 |   0.0 |       0 |       4 |   0.0 |   127
               +---------+---------+-------+---------+---------+-------+---------
           D:1 |       0 |       6 |   0.0 |       0 |       4 |   0.0 |   127
               +---------+---------+-------+---------+---------+-------+---------
